 Dungeon Crawl Stone Soup version 0.32-a0-135-g14f8b2e (webtiles) character file.

Game seed: 11098772796431873313

78 Dorkslayer the Shield-Bearer (level 4, -2/31 HPs)
             Began as an Octopode Fighter on Feb 10, 2024.
             Slain by an orc
             ... wielding a +0 mace
              (7 damage)
             ... on level 3 of the Dungeon.
             The game lasted 00:05:48 (1529 turns).

Dorkslayer the Shield-Bearer (Octopode Fighter)     Turns: 1529, Time: 00:05:49

Health: -2/31      AC:  1    Str: 17    XL:     4   Next: 36%
Magic:  4/4        EV: 14    Int: 10    God:
Gold:   53         SH: 10    Dex: 17    Spells: 3/3 levels left

rFire   . .          .
                       - Unarmed
rCold   . . .        a - +0 buckler
rNeg    . . .        (helmet restricted)
rPois   .            d - amulet of reflection
rElec   .            e - +6 ring of dexterity
rCorr   .            n - ring of see invisible
SInv    +            (no ring)
Will    .....        (no ring)
Stlth   +++          (no ring)
HPRegen 0.25/turn    (no ring)
MPRegen 0.09/turn    (no ring)
                     (no ring)

%: reflection
@: no status effects
A: almost no armour, amphibious, 8 rings, camouflage 1, gelatinous body 1,
(nimble swimmer 1), tentacles
a: no special abilities


You were on level 3 of the Dungeon.
You visited 1 branch of the dungeon, and saw 3 of its levels.

You collected 53 gold pieces.

Inventory:

Hand Weapons
 p - the +11 dagger of Woe {venom, rN+}
   (You found it on level 3 of the Dungeon)

   rN+:       It protects you from negative energy.
Armour
 a - a +0 buckler (worn)
Jewellery
 d - an amulet of reflection (around mantle)
 e - a +6 ring of dexterity (left tentacle)
 n - a ring of see invisible (right tentacle)
Scrolls
 c - 4 scrolls of teleportation
 g - 2 scrolls of fog
 h - a scroll of noise {unknown}
 j - a scroll of torment {unknown}
 l - a scroll of vulnerability {unknown}
 m - 2 scrolls of enchant weapon {unknown}
Potions
 b - a potion of might
 f - a potion of berserk rage
 i - a potion of mutation {unknown}
 k - a potion of attraction {unknown}
 o - a potion of magic {unknown}


   Skills:
 + Level 3.3 Fighting
 + Level 3.2 Dodging
 + Level 2.5 Stealth
 + Level 3.4 Shields
 * Level 3.0 Unarmed Combat


You had 3 spell levels left.
You didn't know any spells.
Your spell library was empty.

Dungeon Overview and Level Annotations

Branches:
Dungeon (3/15)

Altars:
Ashenzari


Innate Abilities, Weirdness & Mutations

You cannot wear most types of armour.
You are amphibious.
You can wear up to eight rings at the same time.
Your skin changes colour to match your surroundings (Stealth+).
Your rubbery body absorbs attacks. (AC +1, EV +1)
((You are camouflaged when in or above water. (Stealth+)))
You have tentacles for arms and can constrict up to eight enemies at once.


Message History

You block the orc's attack. You block the kobold's attack.
The orc priest barely misses you.
You tentacle-slap the orc priest but do no damage.
The orc priest is lightly wounded.
You constrict the orc priest. You block the orc's attack.
The orc throws a boomerang.
The boomerang closely misses you. You block the orc priest's attack.
The kobold hits you with a +0 short sword.
Unknown command.
You tentacle-slap the orc priest.
The orc priest is moderately wounded.
You constrict the orc priest.
An orc priest comes into view. It is wielding a +0 club.
The orc misses you.
The orc priest escapes!
The orc closely misses you.
The kobold hits you with a +0 short sword.
Unknown command.
You completely miss the orc priest. You grab the orc priest.
The orc priest is heavily wounded.
You constrict the orc priest. The orc closely misses you. x2
The orc priest barely misses you. The orc barely misses you.
The kobold barely misses you.
Unknown command.
You tentacle-slap the orc priest.
The orc priest is severely wounded.
You constrict the orc priest, but do no damage.
The orc misses you. You block the orc's attack.
The orc priest hits you with a +0 club.
* * * LOW HITPOINT WARNING * * *
The orc misses you. The orc hits you with a +0 mace.
* * * LOW HITPOINT WARNING * * *
You block the kobold's attack.
You tentacle-slap the orc priest but do no damage.
You squeeze the orc priest.
You kill the orc priest!
The orc closely misses you. x2; You block the orc's attack.
You block the kobold's attack. The orc barely misses you.
The kobold hits you with a +0 short sword.
* * * LOW HITPOINT WARNING * * *
The orc hits you with a +0 mace!
You die...

........#### ..#
...........# .$.#
##.#####...# ...#
...##....### ...#
......###########...####
..†............)........
......########..o.......
.....## #.)........
....## #.o@o.....#
.....## #.ooK.....#
..##..### #..........
......... #.........#
..####...# ###....##.#
..# ###... ...#.# .
####.###.. ...#..
.......... .#.###.
...#.##


You could see an orc priest, 4 orcs and a kobold.

Vanquished Creatures
  An orc priest (D:3)
  2 adders (D:2)
  2 adder zombies (D:2)
  A dart slug (D:2)
  2 ribbon worms (D:2)
  An orc (D:3)
  6 ball pythons
  6 bats
  A bat skeleton (D:2)
  An endoplasm (D:1)
  A giant cockroach (D:1)
  3 goblins
  10 hobgoblins
  3 frilled lizards
  2 kobolds
  A quokka skeleton (D:2)
  3 rats
46 creatures vanquished.

Notes
Turn   | Place    | Note
-------+----------+-------------------------------------------
     0 | D:1      | Dorkslayer the Octopode Fighter began the quest for the
                  | Orb.
     0 | D:1      | Reached XP level 1. HP: 16/16 MP: 1/1
   172 | D:1      | Reached XP level 2. HP: 12/21 MP: 2/2
   677 | D:2      | Reached XP level 3. HP: 26/26 MP: 3/3
   679 | D:2      | Found a broken altar of Ashenzari.
   876 | D:2      | Reached skill level 1 in Stealth
   947 | D:2      | Reached XP level 4. HP: 30/31 MP: 4/4
  1459 | D:3      | Identified the +11 dagger of Woe {venom, rN+}
  1529 | D:3      | Slain by an orc

Illustrated notes

Levels and vault maps discovered:
D:1:      giann_bridges, layout_basic
D:2:      layout_loops_cross, basic_altar, serial_undead, serial_undead_d,
          serial_undead_d, serial_undead_c, serial_undead_d
D:3:      layout_rooms, grunt_temple_overflow_champion_of_chaos

Skill      XL: |  1  2  3  4 |
---------------+-------------+-----
Stealth        | 2 |  2.5
Unarmed Combat | 3 |  3.0
Fighting       | |  3.3
Dodging        | |  3.2
Shields        | |  3.4

Action                     |  1- 3 |  4- 6 || total
---------------------------+-------+-------++-------
  Melee: Unarmed           |    65 |    29 ||    94
         Constrict         |    22 |     8 ||    30
         Tentacles         |    19 |     5 ||    24
         Punch             |     3 |       ||     3
    Use: Scroll            |     4 |     1 ||     5
   Stab: Sleeping          |    11 |     3 ||    14
 Armour: Skin              |    16 |    14 ||    30
  Dodge: Dodged            |    27 |    22 ||    49
  Block: Buckler           |    38 |    18 ||    56
         Reflection        |     4 |     2 ||     6

Table legend: (Time is in decaauts)
 A = Elapsed time spent in this place.
 B = Non-inter-level travel time spent in this place.
 C = Inter-level travel time spent in this place.
 D = Time resting spent in this place.
 E = Time spent auto-exploring this place.
 F = Levels seen in this place.
 G = Mean time per level.
                   A        B        C        D        E       F      G
               +--------+--------+--------+--------+--------+-----+--------+
         Total |   1526 |   1526 |      0 |      0 |    739 |   3 |  508.7 |
       Dungeon |   1526 |   1526 |      0 |      0 |    739 |   3 |  508.7 |
               +--------+--------+--------+--------+--------+-----+--------+

Top non-repeatable levels by time:
     D:2: 698 daAuts
     D:1: 673 daAuts
     D:3: 154 daAuts
